 Dungeon Crawl Stone Soup version 0.19.4-8-ga85b6b9 (webtiles) character file.

394 Jerry the Chopper (level 6, -5/33 HPs)
             Began as a Vine Stalker Fighter on Feb 10, 2017.
             Slain by Crazy Yiuf
             ... wielding a +2 quarterstaff of chaos
              (6 damage)
             ... on level 3 of the Dungeon.
             The game lasted 00:04:47 (2553 turns).

Jerry the Chopper (Vine Stalker Fighter)            Turns: 2553, Time: 00:04:48

Health: -5/33      AC:  9    Str: 19    XL:     6   Next: 81%
Magic:  0/7        EV:  9    Int: 10    God:
Gold:   178        SH:  0    Dex: 13    Spells: 0 memorised, 5 levels left

rFire  . . .     SeeInvis .     a - +0 war axe
rCold  + . .     Gourm    .     b - +0 scale mail
rNeg   . . .     Faith    .     (no shield)
rPois  .         Spirit   +     l - +0 helmet
rElec  .         Reflect  .     (no cloak)
rCorr  .         Harm     .     (no gloves)
MR     .....                    d - +0 pair of boots
Stlth  ..........               (no amulet)
                                (no ring)
                                e - ring of protection from cold

@: no status effects
A: fangs 2, regeneration 1, magic shield, antimagic bite, no device heal 3, rot
immunity
a: no special abilities


You were on level 3 of the Dungeon.
You were not hungry.

You visited 1 branch of the dungeon, and saw 3 of its levels.

You collected 178 gold pieces.

Inventory:

Hand Weapons
 a - a +0 war axe (weapon)
Missiles
 p - 2 throwing nets (quivered)
Armour
 b - a +0 scale mail (worn)
 c - a +0 shield
 d - a +0 pair of boots (worn)
 l - a +0 helmet (worn)
Jewellery
 e - a ring of protection from cold (left hand)
Scrolls
 k - a scroll of remove curse
 m - 2 scrolls of identify
 n - a scroll of teleportation {unknown}
 q - a scroll of enchant weapon {unknown}
Potions
 h - 3 potions of ambrosia {unknown}
 i - 2 potions of invisibility {unknown}
 j - 3 potions of lignification {unknown}
 o - a potion of heal wounds {unknown}
Comestibles
 f - 4 bread rations
 g - 8 chunks of flesh


   Skills:
 + Level 4.0 Fighting
 * Level 4.0 Axes
 + Level 3.4 Armour
 + Level 3.9 Shields


You had 5 spell levels left.
You didn't know any spells.

Dungeon Overview and Level Annotations

Branches:
Dungeon (3/15)

Altars:

Annotations:
D:3 Crazy Yiuf


Innate Abilities, Weirdness & Mutations

You have extremely sharp teeth.
Your natural rate of healing is unusually fast.
When hurt, damage is shared between your health and your magic reserves.
Your bite disrupts and absorbs the magic of your enemies.
Potions and wands cannot restore your health.
You are immune to rotting.


Message History

You open the door.
Crazy Yiuf the Enlightened comes into view.
He is wielding a quarterstaff of chaos.
Crazy Yiuf zaps a wand.
The puff of flame hits you!
It is a wand of flame.
Found a mace.
There is an open door here.
Crazy Yiuf hits you with a quarterstaff of chaos.
Crazy Yiuf burns you.
You closely miss Crazy Yiuf. Crazy Yiuf hits you but does no damage.
You completely miss Crazy Yiuf.
Crazy Yiuf says, "Gum sanguine Hive!"
Crazy Yiuf zaps a wand.
The puff of flame hits you!
You hit Crazy Yiuf but do no damage. Your bite misses Crazy Yiuf.
Crazy Yiuf hits you with a quarterstaff of chaos.
Your scale mail prevents you from hitting Crazy Yiuf.
You bite Crazy Yiuf, but do no damage.
Crazy Yiuf hits you with a quarterstaff of chaos!
You are electrocuted!
* * * LOW HITPOINT WARNING * * *
Crazy Yiuf hits you with a quarterstaff of chaos.
You die...

#######.######## #.#
#[# ### ###♣♣♣♣♣
##....♣.♣♣♣##### ###
###
##......♣..♣#...#
#.#####.##
####......♣♣♣♣.'@g.#
#........#
.........♣♣ ♣♣#..)#
#.#####.##
########♣♣ ##### ###
#.# #.# #.# ####
##### ### ### #.#
...# #.#.# #.# ##'##
#.# .#.# #.#.# #.#
##...## #.# .#.#
#.#.###.###.....##
#.###


You could see Crazy Yiuf.

Vanquished Creatures
  Grinder (D:3)
  Ijyb (D:3)
  A worker ant (D:3)
  6 adders
  An ooze (D:2)
  A worm (D:2)
  3 dart slugs (D:1)
  9 orcs (D:3)
  6 giant cockroaches
  21 goblins
  11 hobgoblins
  3 jackals (D:3)
  7 kobolds
  2 quokkas (D:2)
  2 ball pythons
  13 bats
  8 frilled lizards
  9 rats
105 creatures vanquished.

Notes
Turn   | Place    | Note
-------+----------+-------------------------------------------
     0 | D:1      | Jerry the Vine Stalker Fighter began the quest for the Orb.
     0 | D:1      | Reached XP level 1. HP: 11/11 MP: 2/2
    72 | D:1      | Reached XP level 2. HP: 14/16 MP: 3/3
   361 | D:1      | Reached XP level 3. HP: 20/20 MP: 4/4
   998 | D:2      | Gained mutation: Your natural rate of healing is unusually fast. [Vine Stalker growth]
   998 | D:2      | Reached XP level 4. HP: 18/24 MP: 3/5
  1556 | D:3      | Noticed Ijyb
  1574 | D:3      | Killed Ijyb
  1574 | D:3      | Reached XP level 5. HP: 28/28 MP: 6/6
  1884 | D:3      | Noticed Grinder
  1890 | D:3      | Killed Grinder
  1890 | D:3      | Reached XP level 6. HP: 24/33 MP: 7/7
  2074 | D:3      | Found a runed door.
  2547 | D:3      | Noticed Crazy Yiuf
  2553 | D:3      | HP: 1/33 [Crazy Yiuf/quarterstaff of chaos (13)]
  2553 | D:3      | Slain by Crazy Yiuf

Skill      XL: |  1  2  3  4  5  6 |
---------------+-------------------+-----
Axes           | 2 3 4 |  4.0
Fighting       | 3 4 |  4.0
Shields        | 3 |  3.9
Armour         | 3 |  3.4

Action                   |  1- 3 |  4- 6 || total
-------------------------+-------+-------++-------
Melee: War axe           |    87 |   193 ||   280
       Bite              |    25 |    45 ||    70
  Use: Scroll            |       |     2 ||     2
       Potion            |       |     1 ||     1
  Eat: Chunk             |       |     6 ||     6
Armor: Scale mail        |    48 |   114 ||   162
Dodge: Dodged            |    46 |   113 ||   159
